 Dungeon Crawl Stone Soup version 0.23.2-1-ga50397a (webtiles) character file.

Game seed: 2730609204014470912

100 diana the Chopper (level 4, -2/38 HPs)
             Began as a Minotaur Gladiator on May 25, 2019.
             Slain by a gnoll
             ... wielding a +0 halberd
              (7 damage)
             ... on level 2 of the Dungeon.
             The game lasted 00:01:36 (1223 turns).

diana the Chopper (Minotaur Gladiator)              Turns: 1223, Time: 00:01:37

Health: -2/38      AC:  5    Str: 19    XL:     4   Next: 47%
Magic:  3/3        EV: 12    Int:  5    God:
Gold:   56         SH:  0    Dex: 12    Spells: 3/3 levels left

rFire    . . .     SeeInvis .   a - +0 war axe
rCold    . . .     Gourm    .   (no shield)
rNeg     . . .     Faith    .   c - +0 ring mail
rPois    +         Spirit   .   (helmet restricted)
rElec    .         Reflect  .   (no cloak)
rCorr    .         Harm     .   (no gloves)
MR       .....     Rnd*Tele +   (no boots)
Stlth    +.........             (no amulet)
HPRegen  0.12/turn              e - ring of teleportation (curse)
MPRegen  0.08/turn              n - ring of poison resistance

@: no status effects
A: retaliatory headbutt, horns 2
a: no special abilities


You were on level 2 of the Dungeon.
You were very hungry.

You visited 1 branch of the dungeon, and saw 2 of its levels.

You collected 56 gold pieces.

Inventory:

Hand Weapons
 a - a +0 war axe (weapon)
Missiles
 d - 3 throwing nets (quivered)
Armour
 b - a +0 leather armour
 c - a +0 ring mail (worn)
Jewellery
 e - a cursed ring of teleportation (left hand)
 m - an uncursed ring of protection from cold
 n - a ring of poison resistance (right hand)
Scrolls
 i - a scroll of fog
 j - a scroll of teleportation {unknown}
Potions
 g - 2 potions of lignification {unknown}
 h - 2 potions of heal wounds {unknown}
 k - a potion of curing {unknown}
 l - 3 potions of brilliance
Comestibles
 f - 4 rations


   Skills:
 + Level 3.5 Fighting
 + Level 4.5 Axes
 - Level 2.0 Throwing
 + Level 2.3 Armour
 + Level 4.0 Dodging


You had 3 spell levels left.
You didn't know any spells.
Your spell library was empty.

Dungeon Overview and Level Annotations

Branches:
Dungeon (2/15)

Altars:


Innate Abilities, Weirdness & Mutations

You reflexively headbutt those who attack you in melee.
You have a pair of horns on your head.


Message History

You hit the gnoll. Your headbutt misses the gnoll.
The gnoll is heavily wounded.
You hit the gnoll. The gnoll closely misses you.
The gnoll hits you from afar with a +0 halberd!
* * * LOW HITPOINT WARNING * * *
The gnoll closely misses you.
You closely miss the gnoll.
The gnoll is moderately wounded.
You slash the gnoll!
You kill the gnoll!
You are feeling very hungry.
The gnoll misses you. The gnoll hits you with a +0 halberd!
* * * LOW HITPOINT WARNING * * *
The gnoll misses you.
You see here 17 gold pieces.
The gnoll closely misses you.
You slash the gnoll!
The gnoll is severely wounded.
The gnoll barely misses you. The gnoll hits you with a +0 halberd!
You die...

#.# ####### ######.#
..#...# #......#
#.#.#.# #.######
#.#.#.# #.########
#.#.#.#.###.#......#
#.#.#.#......)...#.#
#.....#####....#.#.#
###....#..######@#.#
####.#..# #g#.#
#.#..######g#.#
#†#..#.g....#.#
#.#..#.######.#
#....#...#
###....#g##
#.##g#..######
###...........


You could see 2 gnolls.

Vanquished Creatures
  A gnoll (D:2)
  3 adders (D:2)
  3 worms (D:2)
  6 dart slugs
  A ball python (D:1)
  3 hobgoblins
  7 jackals
  2 kobolds
  A quokka (D:2)
  5 bats
  3 frilled lizards
  5 goblins
  5 rats (D:1)
45 creatures vanquished.

Notes
Turn   | Place    | Note
-------+----------+-------------------------------------------
     0 | D:1      | diana the Minotaur Gladiator began the quest for the Orb.
     0 | D:1      | Reached XP level 1. HP: 18/18 MP: 0/0
   225 | D:1      | Reached skill level 1 in Armour
   225 | D:1      | Reached XP level 2. HP: 25/25 MP: 1/1
   727 | D:2      | Reached XP level 3. HP: 24/31 MP: 2/2
  1071 | D:2      | Reached XP level 4. HP: 37/38 MP: 3/3
  1223 | D:2      | Slain by a gnoll

Skill      XL: |  1  2  3  4 |
---------------+-------------+-----
Armour         | 1 2 |  2.3
Axes           | 4 |  4.5
Fighting       | 3 |  3.5
Dodging        | 4 |  4.0
Throwing       | |  2.0

Action                   |  1- 3 |  4- 6 || total
-------------------------+-------+-------++-------
Melee: War axe           |    77 |    18 ||    95
       Headbutt          |     9 |     1 ||    10
  Use: Scroll            |     2 |       ||     2
Armor: Ring mail         |    28 |     5 ||    33
       Leather armour    |     2 |       ||     2
Dodge: Dodged            |    57 |    20 ||    77
